 Dungeon Crawl Stone Soup version 0.19.1-28-ge1247f7 (webtiles) character file.

18030 TuxedoFelix the Carver (level 12, -4/99 HPs)
             Began as a Minotaur Fighter on Jan 21, 2017.
             Was a High Priest of the Shining One.
             Slain by a battleaxe of freezing (13 damage)
             ... on level 1 of the Elven Halls.
             The game lasted 01:14:07 (10154 turns).

TuxedoFelix the Carver (Minotaur Fighter)          Turns: 10154, Time: 01:14:08

Health: -4/99      AC: 18    Str: 26    XL:     12   Next: 24%
Magic:  11/11      EV:  6    Int:  5    God:    the Shining One [*****.]
Gold:   959        SH: 23    Dex: 10    Spells: 0 memorised, 11 levels left

rFire  + . .     SeeInvis +     H - +6 scimitar "Recunei" {flame, SInv}
rCold  . . .     Gourm    .     D - +2 plate armour
rNeg   + + .     Faith    .     J - +2 large shield
rPois  +         Spirit   .     (helmet restricted)
rElec  .         Reflect  .     (no cloak)
rCorr  .         Harm     .     C - +0 pair of gloves
MR     .....                    (no boots)
Stlth  ..........               f - amulet of regeneration
                                q - ring of poison resistance
                                e - +2 ring of slaying

@: divine shield, glowing
A: retaliatory headbutt, horns 2, fire resistance 1, frail 1, MP-powered wands
a: Divine Shield, Cleansing Flame, Summon Divine Warrior, Renounce Religion


You were on level 1 of the Elven Halls.
You worshipped the Shining One.
The Shining One was extremely pleased with you.
You were not hungry.

You visited 4 branches of the dungeon, and saw 14 of its levels.
You also visited: Sewer and Ossuary.

You collected 1219 gold pieces.
You spent 260 gold pieces at shops.

Inventory:

Hand Weapons
 H - the +6 scimitar "Recunei" (weapon) {flame, SInv}
   (You acquired it on level 9 of the Dungeon)

   It has been specially enchanted to burn those struck by it, causing extra
   injury to most foes and up to half again as much damage against particularly
   susceptible opponents.
   Big, fiery blades are also staple armaments of hydra-hunters.
   It lets you see invisible.
Missiles
 m - 19 tomahawks
 G - 5 tomahawks of returning
 I - 8 tomahawks of dispersal (quivered)
Armour
 c - a +0 shield
 C - a +0 pair of gloves (worn)
 D - a +2 plate armour (worn)
 J - a +2 large shield (worn)
Jewellery
 e - a +2 ring of slaying (left hand)
 f - an amulet of regeneration (around neck)
 q - a ring of poison resistance (right hand)
 w - an uncursed amulet of guardian spirit
 x - a +4 ring of dexterity
Wands
 s - a wand of iceblast (7/15)
 z - a wand of acid (7/15)
 A - a wand of polymorph (12/24)
 E - a wand of iceblast (11/15)
 P - a wand of slowing (20/48)
Scrolls
 g - 2 scrolls of magic mapping
 i - a scroll of remove curse
 l - 5 scrolls of teleportation
 v - 2 scrolls of fog
 y - 5 scrolls of fear
 F - 2 scrolls of amnesia
 Q - a scroll of immolation {unknown}
Potions
 a - a potion of agility
 b - a potion of berserk rage
 d - 5 potions of might
 h - a potion of lignification {unknown}
 j - 2 potions of brilliance
 n - 4 potions of magic
 u - 3 potions of curing
 B - 3 potions of heal wounds
 K - a potion of beneficial mutation
 L - 2 potions of flight {unknown}
 M - a potion of ambrosia
Books
 o - a book of Maledictions

   Spells                             Type                      Level
   a - Corona                         Hexes                        1
   b - Ensorcelled Hibernation        Hexes/Ice                    2
   c - Confuse                        Hexes                        3
   d - Tukima's Dance                 Hexes                        3
   e - Dazzling Spray                 Conjuration/Hexes            3
Miscellaneous
 N - a crystal ball of energy
 R - a sack of spiders
Comestibles
 k - 11 royal jellies
 p - 2 meat rations
 r - 6 bread rations
 t - 12 fruits


   Skills:
 + Level 11.1 Fighting
 + Level 14.3 Long Blades
 - Level 1.1 Throwing
 + Level 11.5 Armour
 - Level 3.2 Dodging
 - Level 1.0 Stealth
 + Level 11.3 Shields


You had 11 spell levels left.
You didn't know any spells.

Dungeon Overview and Level Annotations

Branches:
Dungeon (10/15)            Temple (1/1) D:4             Orc (2/2) D:10
    Elf (1/3) Orc:2
   Lair: D:8-11

Altars:
Cheibriados
Dithmenos
Elyvilon
Gozag
Hepliaklqana
Kikubaaqudgha
Nemelex Xobeh
Okawaru
Qazlal
Sif Muna
Trog
Vehumet
Yredelemnul
The Shining One

Shops:
Orc:2 ((*%}


Innate Abilities, Weirdness & Mutations

You reflexively headbutt those who attack you in melee.
You have a pair of horns on your head.
Your flesh is heat resistant. (rF+)
You are frail. (-10% HP)
You expend magic power (3 MP) to strengthen your wands.


Message History

The ice beast disappears in a puff of smoke!
The battleaxe of freezing hits you. The battleaxe of freezing freezes you.
You block the battleaxe of freezing's attack.
You block the battleaxe of freezing's attack.
The battleaxe of freezing hits you. The battleaxe of freezing freezes you.
You block the battleaxe of freezing's attack.
You block the battleaxe of freezing's attack.
You open the door.
You block the battleaxe of freezing's attack.
All of the chunks of flesh in your inventory have rotted away.
There is an open door here.
You closely miss the battleaxe of freezing.
Your headbutt misses the battleaxe of freezing.
You block the battleaxe of freezing's attack.
The battleaxe of freezing hits you!! The battleaxe of freezing freezes you!
Your divine shield starts to fade.
You open the door. The battleaxe of freezing hits you!!
* * * LOW HITPOINT WARNING * * *
The battleaxe of freezing freezes you!
You die...

$.#####+#####
...........##.##+#
...........##.##.#
...........##.##.###.###
...........'............
...........##....###....
...........####.## #
...........# #(#
......)....# #@#
...........# #'#
.................
+####+#####.......
........ .........
+.........# #.........#


You could see a battleaxe of freezing.

Vanquished Creatures
  An ogre mage (D:9)
  The ghost of Apogee the Bludgeoner, a journeyman MiBe of Trog (D:9)
  A centaur warrior (D:9)
  3 orc high priests (Orc:2)
  The ghost of Paps the Covered, a novice GrFi of Qazlal (D:7)
  4 orc knights (Orc:2)
  3 deep elf magi (Elf:1)
  7 orc sorcerers
  2 trolls
  A two-headed ogre (Orc:2)
  A hippogriff (D:10)
  Sigmund (D:6)
  A hill giant zombie (D:10)
  A vampire mosquito (D:9)
  2 wargs (Orc:2)
  A water moccasin (D:8)
  4 sky beasts
  15 orc warriors
  2 ice beasts (D:9)
  3 phantoms (D:10)
  A black bear (D:8)
  7 ogres
  A centaur (D:7)
  A crocodile (Sewer)
  4 elf zombies (Ossuary)
  6 bullfrogs
  4 scorpions
  A troll zombie (D:10)
  7 howler monkeys
  A bullfrog zombie (D:4)
  2 crimson imps
  4 jellies
  A gnoll shaman (D:5)
  14 orc priests
  3 centaur skeletons
  2 hounds (D:4)
  A bullfrog skeleton (D:7)
  4 human zombies (Ossuary)
  18 orc wizards
  3 iguanas
  4 worker ants
  4 ogre zombies (D:10)
  A big kobold zombie (Ossuary)
  2 hound zombies
  2 hound skeletons
  2 mummies (Ossuary)
  9 gnolls
  11 adders
  A shadow imp (D:6)
  6 oozes
  4 adder zombies
  An adder skeleton (D:8)
  3 worms
  2 dart slugs
  4 leopard geckos
  47 orcs
  2 giant cockroaches
  A gnoll zombie (Ossuary)
  3 goblins
  6 hobgoblins
  4 jackals
  2 quokkas
  2 ball pythons
  2 bats
  8 frilled lizards
  6 goblin zombies
  4 hobgoblin zombies
  A jackal skeleton (D:7)
  4 jackal zombies
  10 kobolds
  A kobold zombie (Ossuary)
  4 orc skeletons (D:10)
  8 orc zombies (D:10)
  2 quokka skeletons
  5 quokka zombies (Ossuary)
  9 rats
327 creatures vanquished.

Notes
Turn   | Place    | Note
-------+----------+-------------------------------------------
     0 | D:1      | TuxedoFelix the Minotaur Fighter began the quest for the Orb.
     0 | D:1      | Reached XP level 1. HP: 19/19 MP: 0/0
   292 | D:1      | Reached XP level 2. HP: 14/27 MP: 1/1
  1453 | D:2      | Reached XP level 3. HP: 29/33 MP: 2/2
  1464 | D:2      | Reached skill level 3 in Long Blades
  1707 | D:2      | Reached XP level 4. HP: 40/40 MP: 3/3
  2171 | D:3      | Found a faded altar of an unknown god.
  2186 | D:3      | Reached skill level 5 in Armour
  2233 | D:3      | Reached skill level 4 in Long Blades
  2233 | D:3      | Reached XP level 5. HP: 44/46 MP: 4/4
  2801 | D:4      | Found a staircase to the Ecumenical Temple.
  2830 | Temple   | Entered the Ecumenical Temple
  2833 | Temple   | Became a worshipper of the Shining One
  3391 | D:4      | Reached skill level 1 in Dodging
  3444 | D:4      | Reached XP level 6. HP: 50/53 MP: 5/5
  3452 | D:4      | Reached skill level 5 in Long Blades
  3855 | D:5      | Entered Level 5 of the Dungeon
  4001 | D:5      | Found a bloodstained altar of Trog.
  4116 | D:5      | Reached skill level 5 in Shields
  4116 | D:5      | Reached XP level 7. HP: 44/60 MP: 6/6
  4262 | D:5      | Found a glowing drain.
  4276 | Sewer    | Entered a sewer
  4286 | Sewer    | Reached skill level 6 in Long Blades
  4476 | D:5      | Reached skill level 5 in Fighting
  4718 | D:5      | Reached * piety under the Shining One
  5305 | D:6      | Reached skill level 7 in Long Blades
  5309 | D:6      | Reached XP level 8. HP: 68/68 MP: 7/7
  5400 | D:6      | Reached skill level 8 in Long Blades
  5610 | D:6      | Noticed Sigmund
  5621 | D:6      | Killed Sigmund
  5621 | D:6      | Reached skill level 1 in Stealth
  6199 | D:7      | Noticed Paps's ghost (novice GrFi)
  6199 | D:7      | Reached ** piety under the Shining One
  6218 | D:7      | Killed Paps's ghost
  6218 | D:7      | Reached skill level 9 in Long Blades
  6218 | D:7      | Reached XP level 9. HP: 58/78 MP: 8/8
  6270 | D:7      | Reached skill level 1 in Throwing
  6387 | D:7      | Reached skill level 10 in Long Blades
  6827 | D:8      | Reached skill level 11 in Long Blades
  7058 | D:8      | Found a sand-covered staircase.
  7068 | Ossuary  | Entered an ossuary
  7089 | Ossuary  | Reached *** piety under the Shining One
  7216 | Ossuary  | Reached **** piety under the Shining One
  7279 | Ossuary  | Reached XP level 10. HP: 85/86 MP: 9/9
  7923 | D:9      | Identified a scroll of acquirement
  7929 | D:9      | Got a crystal scimitar
  7930 | D:9      | Identified the +6 scimitar "Recunei" {flame, SInv} (You acquired it on level 9 of the Dungeon)
  7944 | D:9      | Gained mutation: You are frail. (-10% HP) [potion of mutation]
  7944 | D:9      | Gained mutation: Your flesh is heat resistant. (rF+) [potion of mutation]
  7944 | D:9      | Gained mutation: You expend magic power (3 MP) to strengthen your wands. [potion of mutation]
  8005 | D:9      | Noticed Apogee's ghost (journeyman MiBe)
  8018 | D:9      | Killed Apogee's ghost
  8018 | D:9      | Reached skill level 12 in Long Blades
  8396 | D:9      | Noticed an ogre mage
  8402 | D:9      | Killed an ogre mage
  8403 | D:9      | Reached ***** piety under the Shining One
  8413 | D:9      | Noticed a centaur warrior
  8417 | D:9      | Killed a centaur warrior
  8756 | D:10     | Entered Level 10 of the Dungeon
  8906 | D:10     | Reached skill level 13 in Long Blades
  8912 | D:10     | Reached XP level 11. HP: 87/87 MP: 10/10
  8932 | D:10     | Found a staircase to the Orcish Mines.
  9002 | Orc:1    | Entered Level 1 of the Orcish Mines
  9010 | Orc:1    | Noticed an orc sorcerer
  9018 | Orc:1    | Killed an orc sorcerer
  9106 | Orc:1    | Noticed an orc sorcerer
  9114 | Orc:1    | Killed an orc sorcerer
  9114 | Orc:1    | Reached skill level 10 in Armour
  9333 | Orc:2    | Entered Level 2 of the Orcish Mines
  9377 | Orc:2    | Noticed an orc sorcerer
  9389 | Orc:2    | Noticed a soul eater
  9392 | Orc:2    | Killed an orc sorcerer
  9392 | Orc:2    | Reached skill level 10 in Shields
  9434 | Orc:2    | Found Dimojy's Gadget Shop.
  9598 | Orc:2    | Found a staircase to the Elven Halls.
  9684 | Orc:2    | Bought a sack of spiders for 260 gold pieces
  9742 | Orc:2    | Noticed an orc sorcerer
  9742 | Orc:2    | Found Ytae's Assorted Antiques.
  9745 | Orc:2    | Noticed an orc high priest
  9748 | Orc:2    | Noticed a soul eater
  9749 | Orc:2    | Noticed an orc knight
  9753 | Orc:2    | Noticed an orc knight
  9754 | Orc:2    | Noticed an orc sorcerer
  9755 | Orc:2    | Paralysed by an orc sorcerer for 6 turns
  9764 | Orc:2    | Killed an orc sorcerer
  9764 | Orc:2    | Reached skill level 10 in Fighting
  9766 | Orc:2    | Noticed a soul eater
  9767 | Orc:2    | Killed an orc sorcerer
  9770 | Orc:2    | Noticed an orc high priest
  9770 | Orc:2    | Noticed an orc sorcerer
  9770 | Orc:2    | Killed an orc high priest
  9778 | Orc:2    | Killed an orc knight
  9783 | Orc:2    | Killed an orc knight
  9789 | Orc:2    | Killed an orc sorcerer
  9795 | Orc:2    | Noticed an orc knight
  9795 | Orc:2    | Killed an orc high priest
  9796 | Orc:2    | Noticed an orc sorcerer
  9802 | Orc:2    | Killed an orc knight
  9802 | Orc:2    | Reached skill level 14 in Long Blades
  9804 | Orc:2    | Killed an orc sorcerer
  9804 | Orc:2    | Reached XP level 12. HP: 74/97 MP: 11/11
  9812 | Orc:2    | Noticed an orc high priest
  9828 | Orc:2    | Killed an orc high priest
  9878 | Orc:2    | Found Wuejar's Weapon Boutique.
  9878 | Orc:2    | Found Cegrub's Food Shoppe.
  9880 | Orc:2    | Found Xerchequle's Weapon Boutique.
 10082 | Elf:1    | Entered Level 1 of the Elven Halls
 10082 | Elf:1    | Reached ****** piety under the Shining One
 10154 | Elf:1    | Slain by a battleaxe of freezing

Skill      XL: |  1  2  3  4  5  6  7  8  9 10 11 12 |
---------------+-------------------------------------+-----
Armour         | 4 5 6 7 8 9 11 | 11.5
Shields        | 4 5 6 7 9 10 11 | 11.3
Fighting       | 4 5 6 7 9 10 11 | 11.1
Long Blades    | 3 4 5 7 9 11 13 14 | 14.3
Dodging        | 1 2 3 |  3.2
Stealth        | 1 |  1.0
Throwing       | 1 |  1.1

Action                   |  1- 3 |  4- 6 |  7- 9 | 10-12 || total
-------------------------+-------+-------+-------+-------++-------
Melee: Long sword        |    66 |   102 |   320 |    54 ||   542
       Headbutt          |    10 |    16 |    65 |    58 ||   149
       Scimitar          |       |       |       |   248 ||   248
Throw: Tomahawk          |       |       |     3 |       ||     3
Invok: Divine Shield     |       |       |       |     2 ||     2
  Use: Potion            |     1 |     4 |     3 |     4 ||    12
       Scroll            |       |     9 |     8 |     7 ||    24
  Eat: Chunk             |     2 |     1 |     3 |     3 ||     9
       Bread ration      |       |     2 |       |       ||     2
       Beef jerky        |       |     1 |     1 |       ||     2
       Royal jelly       |       |       |     1 |       ||     1
       Fruit             |       |       |     1 |       ||     1
       Meat ration       |       |       |       |     2 ||     2
Armor: Scale mail        |    33 |    46 |    51 |       ||   130
       Plate armour      |       |       |    87 |    58 ||   145
Dodge: Dodged            |    13 |    34 |    90 |    25 ||   162
Block: Shield            |    27 |    60 |   173 |    19 ||   279
       Large shield      |       |       |       |   232 ||   232
       Rpst.: Long sword |     5 |    11 |    25 |     3 ||    44
       Scimitar          |       |       |       |     1 ||     1
